 Dungeon Crawl Stone Soup version 0.26-a0-850-g97a50ab700 (webtiles) character file.

Game seed: 11202521550626138894

757 pablito the Slasher (level 7, 0/53 HPs)
             Began as a Barachi Fighter on Nov 20, 2020.
             Was an Initiate of Cheibriados.
             Slain by an ogre
             ... wielding a +0 giant spiked club
              (17 damage)
             ... on level 5 of the Dungeon.
             The game lasted 00:10:18 (5144 turns).

pablito the Slasher (Barachi Fighter)               Turns: 5144, Time: 00:10:19

Health: 0/53       AC: 11    Str: 20    XL:     7   Next: 79%
Magic:  7/7        EV:  8    Int:  9    God:    Cheibriados [......]
Gold:   239        SH: 12    Dex: 13    Spells: 6/6 levels left

rFire    . . .     SeeInvis .   a - +0 long sword
rCold    + . .     Faith    .   c - +1 kite shield
rNeg     . . .     Spirit   .   b - +0 scale mail
rPois    .         Reflect  .   v - +0 helmet
rElec    .         Harm     .   e - +0 cloak
rCorr    .         Rampage  .   u - +0 pair of gloves
MR       +....                  r - +0 pair of boots
Stlth    ..........             (no amulet)
HPRegen  0.17/turn              h - ring of protection from magic
MPRegen  0.10/turn              p - ring of protection from cold

@: very slow
A: +LOS, swims, slowness 1, strong legs 1
a: Hop, Bend Time, Renounce Religion


You were on level 5 of the Dungeon.
You worshipped Cheibriados.
Cheibriados was noncommittal.
You visited 2 branches of the dungeon, and saw 6 of its levels.

You collected 239 gold pieces.

Inventory:

Hand Weapons
 a - a +0 long sword (weapon)
Armour
 b - a +0 scale mail (worn)
 c - a +1 kite shield (worn)
 e - a +0 cloak (worn)
 r - a +0 pair of boots (worn)
 u - a +0 pair of gloves (worn)
 v - a +0 helmet (worn)
Jewellery
 h - a ring of protection from magic (left hand)
 p - a ring of protection from cold (right hand)
Scrolls
 i - 3 scrolls of teleportation {unknown}
 k - 5 scrolls of identify
 o - a scroll of fog {unknown}
 q - 2 scrolls of remove curse {unknown}
 s - a scroll of immolation {unknown}
Potions
 d - a potion of might
 f - 2 potions of lignification {unknown}
 g - 3 potions of curing {unknown}
 j - 4 potions of attraction {unknown}
 l - a potion of mutation {unknown}
 m - a potion of heal wounds {unknown}
 n - a potion of brilliance {unknown}
 t - a potion of degeneration {unknown}


   Skills:
 - Level 3.8 Fighting
 + Level 7.4 Long Blades
 - Level 3.8 Armour
 + Level 7.2 Shields


You had 6 spell levels left.
You didn't know any spells.
Your spell library was empty.

Dungeon Overview and Level Annotations

Branches:
Dungeon (5/15)             Temple (1/1) D:4

Altars:
Ashenzari
Cheibriados
Dithmenos
Elyvilon
Fedhas
Gozag
Hepliaklqana
Kikubaaqudgha
Makhleb
Nemelex Xobeh
Okawaru
Ru
Sif Muna
Trog
Uskayaw
Vehumet
Wu Jian
Xom
Yredelemnul
Zin
The Shining One

Shops:
D:5 =


Innate Abilities, Weirdness & Mutations

You can be seen from farther away. (+LOS)
You can swim through water.
You cover ground slowly.
You can hop short distances.


Message History

No target in view!
No target in view!
An ogre comes into view. It is wielding a +0 giant spiked club.
The ogre shouts!
An ogre is nearby!
The ogre barely misses you.
You slash the ogre!
The ogre is moderately wounded.
The ogre hits you with a +0 giant spiked club!!
You hit the ogre.
The ogre is heavily wounded.
The ogre hits you with a +0 giant spiked club!
You hit the ogre.
The ogre is severely wounded.
The ogre misses you.
You riposte.
You hit the ogre but do no damage.
The ogre is severely wounded.
You barely miss the ogre.
The ogre is severely wounded.
The ogre hits you with a +0 giant spiked club!
You die...

## .### ######## ... .......# ..#
########## .#####.# # ..#
#......... .#####.#.##. ..#
#.######## ....##.#....#####O#
#.# .##.##.# #.....@.# #.#
.##.##.## ###...### #.# ........#
#...# #.# ##..###.# #...#
#.###### .#>.###.# #...#
#......###
.#...##.#####...########.####.##.
.#.#.##..).................##.##.
.#......))............#..........
.##...#...............#.#.###.##.


You could see an ogre.

Vanquished Creatures
  Edmund (D:5)
  A water moccasin (D:5)
  An ice beast (D:5)
  An ogre (D:4)
  2 orc priests (D:5)
  A bullfrog skeleton (D:5)
  An iguana (D:5)
  3 worker ants
  8 adders
  A white imp (D:5)
  2 oozes
  An adder skeleton (D:4)
  2 worms
  2 dart slugs
  3 leopard geckos
  16 orcs
  4 giant cockroaches
  11 hobgoblins
  6 jackals
  5 kobolds
  A bat (D:2)
  3 frilled lizards
  5 goblins
  A leopard gecko skeleton (D:4)
  5 rats
87 creatures vanquished.

Notes
Turn   | Place    | Note
-------+----------+-------------------------------------------
     0 | D:1      | pablito the Barachi Fighter began the quest for the Orb.
     0 | D:1      | Reached XP level 1. HP: 18/18 MP: 1/1
    33 | D:1      | Reached XP level 2. HP: 20/25 MP: 2/2
   433 | D:1      | Reached XP level 3. HP: 30/30 MP: 3/3
   923 | D:2      | Reached XP level 4. HP: 30/37 MP: 4/4
  1608 | D:2      | Reached XP level 5. HP: 33/42 MP: 5/5
  2395 | D:3      | Reached skill level 5 in Shields
  2895 | D:4      | Noticed an ogre
  2909 | D:4      | Killed an ogre
  2910 | D:4      | Reached skill level 5 in Long Blades
  2910 | D:4      | Reached XP level 6. HP: 16/48 MP: 6/6
  3164 | D:4      | Found a staircase to the Ecumenical Temple.
  3170 | Temple   | Entered the Ecumenical Temple
  3179 | Temple   | Became a worshipper of Cheibriados the Contemplative
  3803 | D:5      | Entered Level 5 of the Dungeon
  3943 | D:5      | Noticed a water moccasin
  3956 | D:5      | Killed a water moccasin
  3972 | D:5      | Reached XP level 7. HP: 23/53 MP: 7/7
  4211 | D:5      | Noticed Edmund
  4242 | D:5      | Killed Edmund
  5052 | D:5      | Found Pymu's Jewellery Shoppe.
  5144 | D:5      | Slain by an ogre

Illustrated notes

Levels and vault maps discovered:
D:1:      minmay_arrival_shoal_huts, layout_basic
D:2:      layout_loops_ring
D:3:      minmay_evil_eye, layout_rooms, serial_co_window_serial,
          co_window_paths_a, co_window_of_opportunity_a,
          co_window_of_opportunity_a, co_window_of_opportunity_a,
          co_window_paths_a, co_window_paths_c, co_window_corner_ca,
          co_window_cross_2, co_window_sun, glass_columns_a, glass_columns_c,
          glass_columns_a, hex_intersection, kennysheep_generic_room_16
D:4:      layout_basic, minmay_temple_entry_ruins
D:5:      layout_loops_cross, serial_shops, kennysheep_mini,
          corexii_leaking_fountain, uniq_edmund
Temple:   regret_index_temple_sigil_plot

Skill      XL: |  1  2  3  4  5  6  7 |
---------------+----------------------+-----
Long Blades    | 3 4 5 6 7 |  7.4
Shields        | 4 5 6 7 |  7.2
Fighting       | |  3.8
Armour         | |  3.8

Action                   |  1- 3 |  4- 6 |  7- 9 || total
-------------------------+-------+-------+-------++-------
Melee: Long sword        |    96 |   233 |    94 ||   423
  Use: Scroll            |     1 |     2 |       ||     3
Armor: Scale mail        |    42 |   101 |    31 ||   174
Dodge: Dodged            |    23 |    76 |    31 ||   130
Block: Kite shield       |    57 |   124 |    46 ||   227
       Rpst.: Long sword |    10 |    22 |    12 ||    44

Table legend: (Time is in decaauts)
 A = Elapsed time spent in this place.
 B = Non-inter-level travel time spent in this place.
 C = Inter-level travel time spent in this place.
 D = Time resting spent in this place.
 E = Time spent auto-exploring this place.
 F = Levels seen in this place.
 G = Mean time per level.
                   A        B        C        D        E       F      G
               +--------+--------+--------+--------+--------+-----+--------+
         Total |   6069 |   5841 |    228 |    208 |   4727 |   6 | 1011.5 |
       Dungeon |   5638 |   5460 |    178 |    208 |   4354 |   5 | 1127.6 |
        Temple |    431 |    381 |     50 |      0 |    373 |   1 |  431.0 |
               +--------+--------+--------+--------+--------+-----+--------+

Top non-repeatable levels by time:
     D:5: 1546 daAuts
     D:2: 1442 daAuts
     D:3: 1086 daAuts
     D:4: 836 daAuts
     D:1: 728 daAuts
  Temple: 431 daAuts
